 Dungeon Crawl Stone Soup version 0.30-a0-639-g3916f1956a (webtiles) character file.

Game seed: 3658833847991512328

83 zinnoa the Vexing (level 4, -2/18 HPs)
             Began as a Felid Enchanter on Jan 17, 2023.
             Killed by divine providence
             ... invoked by an orc priest
              (15 damage)
             ... on level 4 of the Dungeon.
             The game lasted 00:15:27 (4185 turns).

zinnoa the Vexing (Felid Enchanter)                 Turns: 4185, Time: 00:15:27

Health: -2/18      AC:  1    Str:  4      XL:     4   Next: 22%
Magic:  8/8        EV: 18    Int: 15 (16) God:
Gold:   91         SH:  0    Dex: 17 (18) Spells: 3/8 levels left
                                        Lives:  0   Deaths: 1

rFire   . . .      SeeInvis +      - Unarmed
rCold   . . .      Faith    .    (shield unavailable)
rNeg    . . .      Spirit   .    (body armour unavailable)
rPois   .          Reflect  .    (helmet unavailable)
rElec   .          Harm     .    (cloak unavailable)
rCorr   .          Rampage  .    (gloves unavailable)
Will    .....                    (boots unavailable)
Stlth   +++                      (no amulet)
HPRegen 0.23/turn                (no ring)
MPRegen 0.11/turn                (no ring)

@: quick
A: very small, claws 1, fangs 3, see invisible, speed 1, shaggy fur 1, stealthy
paws, no weapons or thrown items, no armour, multi-lived
a: no special abilities


You were on level 4 of the Dungeon.
You visited 1 branch of the dungeon, and saw 4 of its levels.

You collected 91 gold pieces.

Inventory:

Scrolls
 b - 2 scrolls of blinking {unknown}
 c - a scroll of enchant weapon {unknown}
 d - a scroll of immolation {unknown}
 e - a scroll of teleportation {unknown}
 g - a scroll of enchant armour {unknown}
 h - a scroll of fear {unknown}
 i - a scroll of identify {unknown}
Potions
 a - a potion of curing {unknown}
 f - 2 potions of magic {unknown}
 j - a potion of flight {unknown}


   Skills:
 + Level 3.5 Dodging
 + Level 5.0 Stealth
 + Level 2.0 Unarmed Combat
 + Level 2.5 Spellcasting
 + Level 5.5 Hexes
 + Level 1.3 Ice Magic


You had 3 spell levels left.
You knew the following spells:

 Your Spells              Type           Power      Damage    Failure   Level
a - Ensorcelled Hibernat  Hex/Ice        24%        N/A       8%          2
b - Confusing Touch       Hex            18%        N/A       6%          3

Your spell library contained the following spells:

 Spells                   Type           Power      Damage    Failure   Level
 Tukima's Dance           Hex            18%        N/A       6%          3
 Dazzling Flash           Conj/Hex       20%        N/A       21%         3


Dungeon Overview and Level Annotations

Branches:
Dungeon (3/15)

Altars:
Elyvilon


Innate Abilities, Weirdness & Mutations

You have sharp claws.
You have razor-sharp teeth.
You have supernaturally acute eyesight. (SInv)
You cover ground quickly. (Speed+)
You are covered in fur. (AC +1)
Your paws help you pounce on unaware monsters.
You are incapable of wielding weapons or throwing items.
You cannot wear armour.
You gain extra lives every three experience levels.


Message History

Aim: a hobgoblin (chance to affect: 63%)
The hobgoblin looks drowsy...
You pounce on the unaware helpless hobgoblin!
You claw the hobgoblin!
You kill the hobgoblin!
You start resting.
Magic restored.
You start waiting.
Done waiting.
There is a stone staircase leading down here.
There is a stone staircase leading down here.
A sourceless malevolence fills the Dungeon...
You fall into a shaft and drop 1 floor!
The shaft crumbles and collapses.
Found a green potion.
An iguana comes into view.
You see here a green potion.
a - a green potion
Found a scroll labelled CAMANITUO.
You pounce on the unaware helpless iguana!
You mangle the iguana!!
You kill the iguana!
You feel your strength returning.
Your Unarmed Combat skill increases to level 2!
Welcome back to level 4!
Found 9 gold pieces.
d - a scroll labelled CAMANITUO You now have 91 gold pieces (gained 9).
An orc priest comes into view. It is wielding a +0 club.
The orc priest shouts!
An orc comes into view. It is wielding a +0 hand axe.
Found a stone staircase leading down.
An orc comes into view. It is wielding a +0 mace.
The orc shouts! x2
The orc priest mumbles some strange prayers to Beogh against you.
Pain shoots through your body!
The orc priest mumbles some strange prayers to Beogh against you.
Beogh smites you!
Ouch! That really hurt!
You die...

#. #. #.
#.##.... #.##
...... #o.#
..... #..## ...
#..o### #.#
##....#####.##
##....@....†.#
#............#
##.####..####.#
##.## #..## #.#
##..# ##..#
#.## #..## #..#
##.## ##..#
##..# ##.##
##.#####..##
##.###
##..##..##
##..#


You could see an orc priest and an orc.

Vanquished Creatures
  An iguana (D:4)
  Jessica (D:2)
  Robin (D:2)
  An adder (D:2)
  A worm (D:2)
  2 dart slugs (D:1)
  3 ball pythons
  An endoplasm (D:1)
  2 giant cockroaches (D:1)
  10 goblins
  6 hobgoblins
  9 jackals (D:1)
  4 quokkas
  6 bats (D:1)
  2 frilled lizards
  3 kobolds
  3 rats
56 creatures vanquished.

Notes
Turn   | Place    | Note
-------+----------+-------------------------------------------
     0 | D:1      | zinnoa the Felid Enchanter began the quest for the Orb.
     0 | D:1      | Reached XP level 1. HP: 7/7 MP: 4/4
   226 | D:1      | Reached XP level 2. HP: 11/11 MP: 6/6
   908 | D:1      | Learned a level 2 spell: Ensorcelled Hibernation
  1121 | D:1      | Reached XP level 3. HP: 7/14 MP: 1/7
  1532 | D:1      | Reached skill level 5 in Hexes
  1803 | D:2      | Learned a level 3 spell: Confusing Touch
  1987 | D:2      | Found a white marble altar of Elyvilon.
  2407 | D:2      | Noticed Jessica
  2410 | D:2      | Killed Jessica
  2411 | D:2      | Reached skill level 1 in Ice Magic
  2411 | D:2      | Reached XP level 4. HP: 18/18 MP: 8/8
  2723 | D:2      | Noticed Robin
  2743 | D:2      | Reached skill level 5 in Stealth
  2806 | D:2      | Killed Robin
  3384 | D:3      | Killed from afar by an orc wizard
  3385 | D:3      | Reached XP level 3. HP: 0/14 MP: 4/7
  4136 | D:3      | You fall into a shaft and drop 1 floor!
  4147 | D:4      | Reached XP level 4. HP: 18/18 MP: 8/8
  4185 | D:4      | Killed from afar by an orc priest

Illustrated notes

Levels and vault maps discovered:
D:1:      minmay_arrival_cross, layout_loops_ring, minmay_misc_feat_tiny
D:2:      layout_basic, basic_altar, uniq_robin, uniq_jessica
D:3:      layout_loops_cross, mainiacjoe_overflow_surrounded_room,
          nicolae_overflow_ecumenical_swirl, serial_shops,
          nicolae_shop_statue_plus
D:4:      layout_layer_cave

Skill      XL: |  1  2  3  4 |
---------------+-------------+-----
Dodging        | 3 |  3.5
Hexes          | 5 |  5.5
Ice Magic      | 1 |  1.3
Stealth        | 5 |  5.0
Unarmed Combat | 2 |  2.0
Spellcasting   | |  2.5

Action                   |  1- 3 |  4- 6 || total
-------------------------+-------+-------++-------
Melee: Unarmed           |   109 |    45 ||   154
       Bite              |    11 |     3 ||    14
       Punch             |       |     1 ||     1
 Cast: Ensorcelled Hiber |    20 |    10 ||    30
       Confusing Touch   |       |     1 ||     1
  Use: Potion            |     1 |     2 ||     3
 Stab: Sleeping          |    27 |     6 ||    33
Armor: Skin              |    15 |     3 ||    18
Dodge: Dodged            |   126 |    37 ||   163

Table legend: (Time is in decaauts)
 A = Elapsed time spent in this place.
 B = Non-inter-level travel time spent in this place.
 C = Inter-level travel time spent in this place.
 D = Time resting spent in this place.
 E = Time spent auto-exploring this place.
 F = Levels seen in this place.
 G = Mean time per level.
                   A        B        C        D        E       F      G
               +--------+--------+--------+--------+--------+-----+--------+
         Total |   3778 |   3586 |    192 |   1883 |    736 |   4 |  944.5 |
       Dungeon |   3778 |   3586 |    192 |   1883 |    736 |   4 |  944.5 |
               +--------+--------+--------+--------+--------+-----+--------+

Top non-repeatable levels by time:
     D:1: 1651 daAuts
     D:2: 1320 daAuts
     D:3: 766 daAuts
     D:4: 39 daAuts
